 Dungeon Crawl Stone Soup version 0.20-a0-893-g832831a (webtiles) character file.

2127 nikopol the Thaumaturge (level 9, 0/45 HPs)
             Began as a Deep Elf Fire Elementalist on Mar 16, 2017.
             Slain by a killer bee (10 damage)
             ... on level 7 of the Dungeon on Mar 17, 2017.
             The game lasted 00:31:57 (7128 turns).

nikopol the Thaumaturge (DEFE)                      Turns: 7128, Time: 00:31:58

Health: 0/45       AC:  4    Str:  5    XL:     9   Next: 8%
Magic:  6/24       EV: 15    Int: 24    God:
Gold:   277        SH:  0    Dex: 15    Spells: 15/26 levels left

rFire    + . .     SeeInvis .   j - +2 dagger (elec)
rCold    x . .     Gourm    .   a - +0 robe
rNeg     . . .     Faith    .   (no shield)
rPois    +         Spirit   .   (no helmet)
rElec    .         Reflect  .   n - +0 cloak
rCorr    .         Harm     .   B - +0 pair of gloves
MR       .....                  (no boots)
Stlth    ++........             (no amulet)
Regen    0.2/turn               v - ring of poison resistance
MPRegen  0.2/turn               m - ring of fire

@: about to teleport
A: no striking features
a: no special abilities


You were on level 7 of the Dungeon.
You were very hungry.

You visited 1 branch of the dungeon, and saw 7 of its levels.
You also visited: Ossuary.

You collected 277 gold pieces.

Inventory:

Hand Weapons
 i - a +0 dagger
 j - a +2 dagger of electrocution (weapon)
Armour
 a - a +0 robe (worn)
 n - a +0 cloak (worn)
 B - a +0 pair of gloves (worn)
Jewellery
 m - a ring of fire (left hand)
 q - an uncursed ring of see invisible
 v - a ring of poison resistance (right hand)
Wands
 A - a wand of iceblast (11/15)
 H - a wand of lightning (7/15)
Scrolls
 d - a scroll of teleportation
 g - 2 scrolls of magic mapping
 k - a scroll of random uselessness {unknown}
 p - a scroll of blinking {unknown}
 r - a scroll of recharging {unknown}
 s - 2 scrolls of fog {unknown}
 t - 4 scrolls of remove curse
 u - a scroll of immolation {unknown}
 y - 3 scrolls of fear {unknown}
 z - 4 scrolls of identify
 I - 2 scrolls of enchant weapon {unknown}
 M - a scroll of amnesia {unknown}
Potions
 e - 3 potions of curing {unknown}
 f - 2 potions of magic {unknown}
 l - 2 potions of might {unknown}
 w - 3 potions of brilliance {unknown}
 C - a potion of degeneration {unknown}
 D - 2 potions of lignification {unknown}
 E - 2 potions of invisibility {unknown}
 F - 3 potions of haste {unknown}
 G - a potion of cancellation {unknown}
 J - 2 potions of agility {unknown}
 L - a potion of mutation {unknown}
 N - a potion of heal wounds {unknown}
Books
 b - a book of Flames

   Spells                             Type                      Level
   a - Flame Tongue                   Conjuration/Fire             1
   b - Throw Flame                    Conjuration/Fire             2
   c - Conjure Flame                  Conjuration/Fire             3
   d - Inner Flame                    Hexes/Fire                   3
   e - Sticky Flame                   Conjuration/Fire             4
   f - Fireball                       Conjuration/Fire             5
Comestibles
 c - 5 bread rations
 h - 5 meat rations
 o - 5 royal jellies
 x - 3 fruits
 K - 2 chunks of flesh


   Skills:
 + Level 5.8 Dodging
 - Level 2.5 Stealth
 * Level 9.1 Spellcasting
 * Level 6.7 Conjurations
 * Level 7.8 Fire Magic


You had 15 spell levels left.
You knew the following spells:

 Your Spells              Type           Power        Failure   Level  Hunger
a - Flame Tongue          Conj/Fire      #####        1%          1    None
b - Throw Flame           Conj/Fire      ######       1%          2    None
c - Conjure Flame         Conj/Fire      ######..     1%          3    None
d - Fireball              Conj/Fire      ######....   10%         5    ####...


Dungeon Overview and Level Annotations

Branches:
Dungeon (7/15)
 Temple: D:4-7

Altars:
Dithmenos
Kikubaaqudgha
Zin


Message History

Aiming: Flame Tongue
Press: ? - help, Shift-Dir - straight line, f/p - killer bee
Aim: a killer bee (heavily wounded)
You feel a surge of power!
The flame tongue misses the killer bee.
The killer bee stings you. x4; The killer bee closely misses you.
The killer bee misses you.
Casting: Flame Tongue
Confirm with . or Enter, or press ? or * to list all spells.
Aiming: Flame Tongue
Press: ? - help, Shift-Dir - straight line, f/p - killer bee
Aim: a killer bee (heavily wounded)
You feel a surge of power!
The flame tongue hits the killer bee.
You kill the killer bee!
As you read the scroll of teleportation, it crumbles to dust.
You feel strangely unstable.
The killer bee stings you but does no damage.
The killer bee stings you.
* * * LOW HITPOINT WARNING * * *
The killer bee stings you!
You die...

...........#
..###.####.# ..###.#
..#...# . #######
.##...## .. #..#..#
.##....##...# #..#..#
.##.........# #..'..#
.##.........# #).#..#
###.....<...#. #@y#..#
# #.........#.##y#####
###.......#.#.#.y.##.#
..........#.#.#..###.#
............#........#
.......#..........####
......##..........#
......##..........#
......##..........#


You could see 3 killer bees.

Vanquished Creatures
  A human (D:7)
  4 hogs (D:7)
  Menkaure (D:6)
  A black bear (D:6)
  A phantom (D:6)
  2 centaurs
  3 bullfrogs
  A vampire bat (D:4)
  A killer bee (D:7)
  2 howler monkeys
  A centaur zombie (D:5)
  3 hounds
  A quasit (D:6)
  An orc priest (D:3)
  A bullfrog skeleton (D:4)
  An iguana (D:6)
  A worker ant (D:7)
  5 big kobold zombies (Ossuary)
  A hound zombie (D:7)
  2 mummies (Ossuary)
  7 adders
  A shadow imp (D:5)
  An ooze (D:3)
  8 adder zombies (Ossuary)
  2 dart slugs
  4 worms
  2 leopard geckos (D:6)
  12 orcs
  A ball python (D:1)
  11 bats
  2 bat skeletons (D:4)
  3 bat zombies (D:4)
  11 giant cockroaches
  3 goblins
  7 hobgoblins
  3 jackals (D:5)
  A quokka (D:6)
  A ball python skeleton (D:5)
  2 frilled lizards
  2 gnoll zombies (Ossuary)
  4 hobgoblin zombies (Ossuary)
  A jackal skeleton (D:4)
  12 kobolds
  6 kobold zombies (Ossuary)
  5 orc zombies (Ossuary)
  12 rats
158 creatures vanquished.

Notes
Turn   | Place    | Note
-------+----------+-------------------------------------------
     0 | D:1      | nikopol the Deep Elf Fire Elementalist began the quest for the Orb.
     0 | D:1      | Reached XP level 1. HP: 10/10 MP: 6/6
   164 | D:1      | Reached XP level 2. HP: 15/15 MP: 0/8
   168 | D:1      | Learned a level 2 spell: Throw Flame
   877 | D:2      | Found a shadowy altar of Dithmenos.
   955 | D:2      | Reached XP level 3. HP: 11/19 MP: 5/10
  2092 | D:3      | Reached skill level 4 in Spellcasting
  2139 | D:3      | Reached XP level 4. HP: 24/24 MP: 4/12
  2239 | D:3      | Noticed a centaur
  2244 | D:3      | Killed a centaur
  2244 | D:3      | Reached XP level 5. HP: 16/28 MP: 7/13
  2325 | D:3      | Learned a level 3 spell: Conjure Flame
  2354 | D:3      | Learned a level 5 spell: Fireball
  2667 | D:3      | Reached skill level 5 in Spellcasting
  2892 | D:3      | Found a glowing silver altar of Zin.
  3382 | D:4      | Reached skill level 5 in Fire Magic
  3382 | D:4      | Reached XP level 6. HP: 29/32 MP: 10/16
  3643 | D:4      | Found an ancient bone altar of Kikubaaqudgha.
  4006 | D:5      | Entered Level 5 of the Dungeon
  4208 | D:5      | Reached skill level 6 in Spellcasting
  4224 | D:5      | Reached XP level 7. HP: 36/36 MP: 8/18
  5066 | D:6      | Found a sand-covered staircase.
  5071 | Ossuary  | Entered an ossuary
  5845 | Ossuary  | Reached skill level 7 in Spellcasting
  6281 | D:6      | Reached skill level 5 in Conjurations
  6328 | D:6      | Reached XP level 8. HP: 41/41 MP: 7/21
  6690 | D:6      | Noticed Menkaure
  6698 | D:6      | Killed Menkaure
  6799 | D:6      | Found a shadowy altar of Dithmenos.
  6972 | D:7      | Reached skill level 5 in Dodging
  6972 | D:7      | Reached skill level 8 in Spellcasting
  7091 | D:7      | Reached skill level 9 in Spellcasting
  7097 | D:7      | Reached XP level 9. HP: 41/45 MP: 5/24
  7128 | D:7      | Slain by a killer bee

Vault maps used:
D:1:      lightli_arrival_flooded_house, hex_medium
D:2:      lemuel_upstairs_altar, old_standard_altar
D:3:      zin_treasury, serial_glass, glass_columns_a, glass_columns_a,
          glass_columns_a, glass_columns_a, glass_columns_a, glass_columns_b
D:4:      kennysheep_vampire_church, first_bread
D:5:      serial_bayou, serial_bayou_lake_a, serial_bayou_lagoon_b,
          serial_bayou_pond_c, serial_bayou_pond_d
D:6:      enter_ossuary_2, grunt_dithmenos_shadows, uniq_menkaure
D:7:      lemuel_crystal_altar, okawaru_humans, temple_hall, grunt_livestock
Ossuary:  ossuary_tomb_2

Skill      XL: |  1  2  3  4  5  6  7  8 |
---------------+-------------------------+-----
Fire Magic     | 4 5 6 7 |  7.8
Dodging        | 3 4 5 |  5.8
Spellcasting   | 4 5 6 7 9 |  9.1
Conjurations   | 2 3 5 6 |  6.7
Stealth        | |  2.5

Action                   |  1- 3 |  4- 6 |  7- 9 || total
-------------------------+-------+-------+-------++-------
Melee: Dagger            |     1 |       |     1 ||     2
 Cast: Flame Tongue      |    77 |   102 |   193 ||   372
       Conjure Flame     |       |     1 |     5 ||     6
       Throw Flame       |       |       |     2 ||     2
       Fireball          |       |       |     3 ||     3
  Use: Scroll            |       |       |     5 ||     5
  Eat: Chunk             |     3 |     5 |     9 ||    17
       Fruit             |       |       |     1 ||     1
Armor: Robe              |     7 |     4 |    13 ||    24
Dodge: Dodged            |    26 |    24 |    48 ||    98
